 Dungeon Crawl Stone Soup version 0.27-a0-13-g87abb2d9eb (webtiles) character file.

Game seed: 65725208248209559

254 pkoi the Ruffian (level 5, -4/45 HPs)
             Began as a Draconian Gladiator on Jan 3, 2021.
             Was an Initiate of Ashenzari.
             Slain by a howler monkey (6 damage)
             ... on level 4 of the Dungeon.
             The game lasted 00:03:59 (3637 turns).

pkoi the Ruffian (Draconian Gladiator)              Turns: 3637, Time: 00:03:59

Health: -4/45      AC:  6    Str: 16    XL:     5   Next: 90%
Magic:  5/5        EV: 13    Int: 10    God:    Ashenzari [......]
Gold:   182        SH:  0    Dex: 12    Spells: 4/4 levels left

rFire    + . .     SeeInvis .     - Unarmed
rCold    . . .     Faith    .   (no shield)
rNeg     . . .     Spirit   .   (armour unavailable)
rPois    .         Reflect  .   a - +0 hat (curse)
rElec    .         Harm     .   (no cloak)
rCorr    .         Rampage  .   (no gloves)
Will     .....                  q - +0 pair of boots (curse)
Stlth    +.........             (no amulet)
HPRegen  0.55/turn              g - ring of protection from fire (curse)
MPRegen  0.09/turn              (no ring)

@: no status effects
A: unfitting armour, hooves 1, regeneration 1, robust 1, cold-blooded, AC +5
a: Renounce Religion, Curse Item


You were on level 4 of the Dungeon.
You worshipped Ashenzari.
Ashenzari was noncommittal.
You visited 1 branch of the dungeon, and saw 4 of its levels.

You collected 182 gold pieces.

Inventory:

Missiles
 b - 4 throwing nets (quivered)
Armour
 a - a cursed +0 hat (worn)
 q - a cursed +0 pair of boots (worn)
Jewellery
 g - a cursed ring of protection from fire (left hand)
Scrolls
 c - a scroll of noise
 d - a scroll of blinking
 e - 5 scrolls of identify {unknown}
 f - a scroll of magic mapping {unknown}
 j - a scroll of remove curse
 k - a scroll of amnesia {unknown}
 l - 2 scrolls of teleportation {unknown}
 m - a scroll of random uselessness {unknown}
 o - a scroll of fear {unknown}
 p - a scroll of enchant weapon {unknown}
Potions
 h - a potion of berserk rage {unknown}
 i - 2 potions of heal wounds


   Skills:
 - Level 2.1 Fighting
 - Level 1.7 Throwing
 - Level 2.6 Dodging
 + Level 6.7 Unarmed Combat


You had 4 spell levels left.
You didn't know any spells.
Your spell library was empty.

Dungeon Overview and Level Annotations

Branches:
Dungeon (4/15)
 Temple: D:4-7

Altars:
Ashenzari
Nemelex Xobeh
Trog
Wu Jian
Zin
The Shining One


Innate Abilities, Weirdness & Mutations

Your plain brown scales are hard. (AC +5)
You cannot fit into any form of body armour.
You are cold-blooded and may be slowed by cold attacks.
You have large cloven feet.
Your natural rate of healing is unusually fast.
You are robust. (+10% HP)


Message History

The howler monkey is moderately wounded.
The howler monkey hoots and howls with incredible vigour!
You hear an angry hiss.
You hit the howler monkey.
You tail-slap the howler monkey, but do no damage.
The howler monkey is moderately wounded.
The howler monkey closely misses you.
You punch the howler monkey!
Your tail-slap misses the howler monkey.
The howler monkey is almost dead.
The howler monkey hits you.
* * * LOW HITPOINT WARNING * * *
You barely miss the howler monkey.
The howler monkey is almost dead.
The howler monkey hits you.
* * * LOW HITPOINT WARNING * * *
You closely miss the howler monkey.
The howler monkey is almost dead.
The howler monkey hits you.
You die...

..........######
#########...<... ########
####### ## ##{..#.# #####.
#..#...# ##...## ##ho###.#
#.8.8.# ##..o.##.#######
#.._..# #.....?##h@....####
#.8...#
#..#$$#..######....####...'#
#(.$##$..# ####.##.#####.
#..$ $..# #.......... #..#
#..# #..#.#####. ##! .##
#..###...'# ## ##
#.###.8...# #.# #.._..# #..
#.8.8.#


You could see a howler monkey (catching breath).

Vanquished Creatures
  A howler monkey (D:4)
  A hound (D:4)
  An orc wizard (D:4)
  4 adders
  An ooze (D:1)
  An adder skeleton (D:4)
  3 worms (D:2)
  2 dart slugs
  4 leopard geckos
  3 orcs
  12 bats
  3 giant cockroaches
  8 goblins
  14 hobgoblins
  7 jackals
  A quokka (D:3)
  2 ball pythons
  8 frilled lizards
  14 kobolds
  4 rats
94 creatures vanquished.

Notes
Turn   | Place    | Note
-------+----------+-------------------------------------------
     0 | D:1      | pkoi the Draconian Gladiator began the quest for the Orb.
     0 | D:1      | Reached XP level 1. HP: 17/17 MP: 1/1
   519 | D:1      | Reached XP level 2. HP: 24/24 MP: 2/2
   553 | D:1      | You fall into a shaft and drop 1 floor!
   833 | D:1      | Reached skill level 4 in Unarmed Combat
   922 | D:1      | Reached XP level 3. HP: 23/29 MP: 3/3
  2358 | D:2      | Reached skill level 5 in Unarmed Combat
  2358 | D:2      | Reached XP level 4. HP: 36/36 MP: 4/4
  2516 | D:2      | Found a glowing golden altar of the Shining One.
  2744 | D:3      | Found a broken altar of Ashenzari.
  2785 | D:3      | Gained mutation: You have large cloven feet. [potion of
                  | mutation]
  2785 | D:3      | Gained mutation: You are robust. (+10% HP) [potion of
                  | mutation]
  2785 | D:3      | Gained mutation: Your natural rate of healing is unusually
                  | fast. [potion of mutation]
  3075 | D:3      | Found a bloodstained altar of Trog.
  3096 | D:3      | Reached XP level 5. HP: 45/45 MP: 5/5
  3391 | D:3      | Became a worshipper of Ashenzari the Shackled
  3458 | D:4      | Found a sparkling altar of Nemelex Xobeh.
  3461 | D:4      | Found an ornate altar of the Wu Jian Council.
  3464 | D:4      | Found a bloodstained altar of Trog.
  3467 | D:4      | Found a glowing silver altar of Zin.
  3615 | D:4      | Reached skill level 6 in Unarmed Combat
  3636 | D:4      | HP: 2/45 [howler monkey (4)]
  3637 | D:4      | Slain by a howler monkey

Illustrated notes

Levels and vault maps discovered:
D:1:      lemuel_arrival_tunnels, layout_basic, minmay_3d_cube
D:2:      layout_loops_cross, nicolae_tso_swordbearing_angel
D:3:      layout_basic, general_overflow_altar, trog_hazing_becter
D:4:      minmay_polygon_palace, layout_rooms, grunt_temple_overflow_cloverleaf,
          chequers_serial_rivers_large_b

Skill      XL: |  1  2  3  4  5 |
---------------+----------------+-----
Unarmed Combat | 4 5 6 |  6.7
Fighting       | |  2.1
Throwing       | |  1.7
Dodging        | |  2.6

Action                   |  1- 3 |  4- 6 || total
-------------------------+-------+-------++-------
Melee: Unarmed           |   182 |   157 ||   339
       Tailslap          |    25 |    24 ||    49
       Punch             |     2 |     2 ||     4
       Kick              |       |    12 ||    12
Invok: Curse Item        |       |     3 ||     3
  Use: Potion            |       |     6 ||     6
       Scroll            |       |     2 ||     2
 Stab: Sleeping          |     1 |       ||     1
Armor: Skin              |    47 |    48 ||    95
Dodge: Dodged            |   159 |   130 ||   289

Table legend: (Time is in decaauts)
 A = Elapsed time spent in this place.
 B = Non-inter-level travel time spent in this place.
 C = Inter-level travel time spent in this place.
 D = Time resting spent in this place.
 E = Time spent auto-exploring this place.
 F = Levels seen in this place.
 G = Mean time per level.
                   A        B        C        D        E       F      G
               +--------+--------+--------+--------+--------+-----+--------+
         Total |   3611 |   3514 |     97 |    698 |   2106 |   4 |  902.8 |
       Dungeon |   3611 |   3514 |     97 |    698 |   2106 |   4 |  902.8 |
               +--------+--------+--------+--------+--------+-----+--------+

Top non-repeatable levels by time:
     D:1: 1492 daAuts
     D:2: 1049 daAuts
     D:3: 824 daAuts
     D:4: 245 daAuts
